 Dungeon Crawl Stone Soup version 0.24.0-13-gcf9b319 (webtiles) character file.

Game seed: 12621299084352295, levelgen mode: deterministic

2482 pkoi the Carver (level 9, -1/78 HPs)
             Began as a Minotaur Gladiator on Dec 10, 2019.
             Was a Believer of Qazlal.
             Slain by a two-headed hydra (7 damage)
             ... on level 7 of the Dungeon.
             The game lasted 00:12:51 (7279 turns).

pkoi the Carver (Minotaur Gladiator)                Turns: 7279, Time: 00:12:52

Health: -1/78      AC:  9    Str: 27    XL:     9   Next: 27%
Magic:  11/11      EV: 13    Int:  5    God:    Qazlal [**....]
Gold:   551        SH:  2    Dex: 11    Spells: 8/8 levels left

rFire    + . .     SeeInvis .   y - +0 falchion (flame)
rCold    . . .     Gourm    +   (no shield)
rNeg     . . .     Faith    .   B - +0 scale mail
rPois    .         Spirit   .   c - +1 hat
rElec    .         Reflect  .   A - +0 cloak
rCorr    .         Harm     .   (no gloves)
MR       .....                  (no boots)
Stlth    ..........             l - amulet of the gourmand
HPRegen  0.23/turn              v - +4 ring of strength
MPRegen  0.12/turn              J - ring of protection from fire

@: no status effects
A: retaliatory headbutt, horns 2
a: Upheaval, Renounce Religion


You were on level 7 of the Dungeon.
You worshipped Qazlal.
Qazlal was pleased with you.
You were completely stuffed.

You visited 2 branches of the dungeon, and saw 10 of its levels.
You also visited: Sewer.

You collected 551 gold pieces.

Inventory:

Hand Weapons
 a - a +0 long sword
 j - a +1 dagger of venom
 y - a +0 falchion of flaming (weapon)
 I - a +3 falchion of draining
Missiles
 d - 3 throwing nets (quivered)
Armour
 b - a +0 leather armour
 c - a +1 hat (worn)
 A - a +0 cloak (worn)
 B - a +0 scale mail (worn)
Jewellery
 l - an amulet of the gourmand (around neck)
 v - a +4 ring of strength (left hand)
 x - an uncursed amulet of faith
 C - an uncursed amulet of regeneration {unknown}
 J - a ring of protection from fire (right hand)
Wands
 o - a wand of polymorph (2)
 p - a wand of digging (6)
 u - a wand of flame (77)
 G - a wand of iceblast (18)
 H - a wand of clouds (4)
Scrolls
 e - 2 scrolls of fog
 g - a scroll of random uselessness
 k - 2 scrolls of teleportation
 r - 2 scrolls of enchant armour
 w - 3 scrolls of fear
 z - a scroll of identify
 L - a scroll of remove curse
 O - a scroll of enchant weapon
Potions
 h - 3 potions of degeneration {unknown}
 i - a potion of brilliance {unknown}
 m - 2 potions of mutation {unknown}
 n - a potion of agility
 q - 4 potions of flight {unknown}
 s - a potion of might {unknown}
 t - 7 potions of heal wounds {unknown}
 D - a potion of haste
 E - a potion of cancellation {unknown}
 F - 2 potions of magic {unknown}
Comestibles
 f - 17 rations
 K - 3 chunks of flesh


   Skills:
 + Level 6.8 Fighting
 + Level 9.1 Long Blades
 - Level 2.0 Throwing
 + Level 6.1 Armour
 + Level 6.7 Dodging
 + Level 4.6 Invocations


You had 8 spell levels left.
You didn't know any spells.
Your spell library contained the following spells:

 Spells                   Type           Power        Failure   Level  Hunger
 Animate Skeleton         Necr           N/A          73%         1    ##.....
 Apportation              Tloc           #.....       73%         1    ##.....
 Confusing Touch          Hex            #.....       73%         1    ##.....
 Summon Small Mammal      Summ           #...         73%         1    ##.....


Dungeon Overview and Level Annotations

Branches:
Dungeon (9/15)             Temple (1/1) D:4             Orc (0/2) D:9
  Sewer (visited)
   Lair: D:8-11

Altars:
Ashenzari
Cheibriados
Dithmenos
Elyvilon
Fedhas
Gozag
Hepliaklqana
Kikubaaqudgha
Makhleb
Nemelex Xobeh
Okawaru
Qazlal
Ru
Sif Muna
Trog
Uskayaw
Vehumet
Wu Jian
Xom
Yredelemnul
Zin
The Shining One

Shops:
D:5 :

Annotations:
D:3 1 runed translucent door


Innate Abilities, Weirdness & Mutations

You reflexively headbutt those who attack you in melee.
You have a pair of horns on your head.


Message History

The three-headed hydra bites you!
* * * LOW HITPOINT WARNING * * *
The three-headed hydra bites you!
* * * LOW HITPOINT WARNING * * *
The dream sheep bites you.
* * * LOW HITPOINT WARNING * * *
You chop one of the three-headed hydra's heads off!
The flame cauterises the wound!
You slash the two-headed hydra! You burn the two-headed hydra.
The two-headed hydra is heavily wounded.
The two-headed hydra bites you.
* * * LOW HITPOINT WARNING * * *
The two-headed hydra bites you but does no damage.
Unknown command.
You hit the two-headed hydra. You burn the two-headed hydra.
The two-headed hydra is heavily wounded.
The dream sheep bites you.
* * * LOW HITPOINT WARNING * * *
The two-headed hydra barely misses you. The two-headed hydra bites you!
You die...

###..##..............#.....# ###
#.....#..............##.#.### #
......##............#####...#
...#..##............#.###...##
.......#..............#......####
#....####...........#.........#.#
#....# ##...###..###.#..##......
##...#####...# #YD.......#####...
##....[....## #@ยง###..######....
##[..#...## #..##..#####......
#...##.######............##...
####.#....##..##..#....#..#...
#......##.....##...##..#...
##.........##.........##...
#......##.....##.........#
##............###.#....#.<
#.......#...##...#..#.#.#


You could see a two-headed hydra and a dream sheep.

Vanquished Creatures
  A dream sheep (D:7)
  A yak (D:7)
  A water moccasin (D:6)
  A sky beast (D:6)
  A black bear (D:6)
  2 orc warriors (D:8)
  An ice beast (D:6)
  A phantom (D:5)
  2 centaurs
  An ogre (D:5)
  2 big kobolds
  2 bullfrogs
  4 scorpions
  2 crimson imps
  4 howler monkeys
  2 orc priests
  3 orc wizards
  A hound (D:4)
  A centaur skeleton (D:7)
  An iguana (D:6)
  3 worker ants
  A hound zombie (D:5)
  Robin (D:2)
  A worker ant zombie (D:9)
  8 adders
  2 river rats (Sewer)
  2 shadow imps (D:6)
  An ooze (D:4)
  An adder skeleton (D:5)
  A worm (D:2)
  2 dart slugs
  4 leopard geckos
  23 orcs
  2 ball pythons
  13 bats
  6 giant cockroaches
  12 hobgoblins
  8 jackals
  3 quokkas
  A ball python skeleton (D:6)
  7 frilled lizards
  9 goblins
  14 kobolds
  12 rats
171 creatures vanquished.

Notes
Turn   | Place    | Note
-------+----------+-------------------------------------------
     0 | D:1      | pkoi the Minotaur Gladiator began the quest for the Orb.
     0 | D:1      | Reached XP level 1. HP: 18/18 MP: 0/0
    28 | D:1      | Reached skill level 4 in Long Blades
    38 | D:1      | Reached XP level 2. HP: 10/25 MP: 1/1
   636 | D:1      | Reached skill level 5 in Long Blades
   840 | D:2      | Noticed Robin
   852 | D:1      | Reached XP level 3. HP: 30/30 MP: 2/2
  1336 | D:2      | Reached XP level 4. HP: 32/37 MP: 3/3
  1353 | D:2      | Reached skill level 6 in Long Blades
  1364 | D:2      | Killed Robin
  1401 | D:2      | Found a stormy altar of Qazlal.
  2165 | D:3      | Found a glowing drain.
  2188 | Sewer    | Entered a sewer
  2195 | Sewer    | Reached XP level 5. HP: 34/44 MP: 4/4
  2200 | Sewer    | Reached skill level 1 in Armour
  2548 | Sewer    | Found a white marble altar of Elyvilon.
  2763 | D:3      | Found a white marble altar of Elyvilon.
  2763 | D:3      | Noticed an angel
  2822 | D:3      | Found a runed translucent door.
  2836 | D:3      | Reached XP level 6. HP: 49/51 MP: 5/5
  2846 | D:2      | Found a radiant altar of Vehumet.
  2846 | D:2      | Found a hide-covered altar of Uskayaw.
  2846 | D:2      | Found a shimmering blue altar of Sif Muna.
  2864 | D:2      | Became a worshipper of Qazlal Stormbringer
  3204 | D:4      | Found a staircase to the Ecumenical Temple.
  3209 | D:4      | Reached skill level 7 in Long Blades
  3214 | Temple   | Entered the Ecumenical Temple
  3502 | D:4      | Reached skill level 1 in Invocations
  4045 | D:5      | Entered Level 5 of the Dungeon
  4290 | D:5      | Found Wawk's Book Shop.
  4386 | D:5      | Reached XP level 7. HP: 53/59 MP: 7/7
  5068 | D:6      | Reached skill level 5 in Dodging
  5069 | D:6      | Reached * piety under Qazlal
  5263 | D:6      | You fall into a shaft and drop 3 floors!
  5279 | D:9      | Reached skill level 5 in Fighting
  5279 | D:9      | Reached XP level 8. HP: 60/68 MP: 9/9
  5323 | D:9      | Found a staircase to the Orcish Mines.
  5336 | D:9      | Reached skill level 8 in Long Blades
  5500 | D:7      | Found a blossoming altar of Fedhas.
  5770 | D:6      | Reached skill level 5 in Armour
  6119 | D:6      | Found a glowing silver altar of Zin.
  6119 | D:6      | Noticed an angel
  6916 | D:8      | Reached ** piety under Qazlal
  6922 | D:8      | Reached XP level 9. HP: 28/78 MP: 11/11
  7174 | D:8      | Noticed a three-headed hydra
  7198 | D:7      | Reached skill level 9 in Long Blades
  7279 | D:7      | Slain by a two-headed hydra

Levels and vault maps discovered:
D:1:      ncdulo_smallfort, layout_rooms, hangedman_feature_mirror
D:2:      layout_rooms, nicolae_overflow_hidden_temple, minivault_26,
          chequers_decorated_corner, serial_bayou_ford_a, uniq_robin
D:3:      layout_basic, portal_sewer_entry_f, lemuel_angel_altar
D:4:      layout_basic, minmay_temple_entry_proselytizer
D:5:      layout_loops_corners, serial_shops, nicolae_shop_behind_doors,
          first_ration
D:6:      layout_loops_corners, zin_angel
D:7:      layout_cave_pools, fedhas_altar_3
D:8:      layout_cave_pods, hangedman_ranch [blue_anna_fruit_fields],
          uniq_gastronok
D:9:      due_megacathedral, layout_loops_ring
Temple:   compressed_dpeg_circular_temple

Skill      XL: |  1  2  3  4  5  6  7  8  9 |
---------------+----------------------------+-----
Long Blades    | 4 5 6 7 8 9 |  9.1
Armour         | 2 3 4 5 6 |  6.1
Fighting       | 3 4 5 6 |  6.8
Dodging        | 4 5 6 |  6.7
Invocations    | 1 2 4 |  4.6
Throwing       | |  2.0

Action                   |  1- 3 |  4- 6 |  7- 9 || total
-------------------------+-------+-------+-------++-------
Melee: Long sword        |    22 |       |    17 ||    39
       Headbutt          |    13 |    26 |    54 ||    93
       Dagger            |    57 |   180 |   174 ||   411
       Unarmed           |       |     1 |       ||     1
       Falchion          |       |       |    15 ||    15
  Use: Scroll            |       |       |    18 ||    18
 Stab: Sleeping          |       |     1 |       ||     1
  Eat: Chunk             |     1 |    10 |    20 ||    31
Armor: Leather armour    |    24 |    22 |       ||    46
       Scale mail        |       |     8 |    70 ||    78
Dodge: Dodged            |    77 |    94 |   108 ||   279
Block: Other             |       |       |    12 ||    12
       Rpst.: Long sword |    10 |       |     1 ||    11
       Falchion          |       |       |     3 ||     3
